[Event "Titled Tuesday Blitz June 29 2021"]
[White "Manukyan_Artak"]
[Black "Ajedrez_con_German"]
[WhiteElo "2322"]
[BlackElo "2482"]
[Result "0-1"]
[Round "11"]
[TimeControl "180+1"]
[Date "2021.06.29"]
[WhiteClock "0:01:08"]
[BlackClock "0:00:13"]

1. e4 c5 2. Nf3 d6 3. Bb5+ Bd7 4. Bxd7+ Qxd7 5. c4 Nc6 6. Nc3 Nf6 7. O-O e5 8. d3 Be7 9. Bg5 O-O 10. Qd2 a6 11. a4 Qd8 12. Bh4 Nd4 13. Nxd4 cxd4 14. Ne2 Nxe4 15. dxe4 Bxh4 16. f4 Rc8 17. b3 Qb6 18. Qd3 Qb4 19. g3 Be7 20. f5 Bg5 21. h4 Qd2 22. Rfd1 Qxd3 23. Rxd3 Be3+ 24. Kg2 b5 25. cxb5 axb5 26. Ra2 Ra8 27. g4 f6 28. Ng3 Rfb8 29. Nf1 Bf4 30. Kf3 Kf7 31. Ng3 Bxg3 32. Kxg3 Ke7 33. Kf3 Kd7 34. g5 Rb7 35. Ke2 Rba7 36. gxf6 gxf6 37. Rg3 bxa4 38. bxa4 Rxa4 39. Rxa4 Rxa4 40. Rg7+ Kc6 41. Rxh7 d5 42. Rf7 dxe4 43. Rxf6+ Kd5 44. Rf8 Ra2+ 45. Kd1 e3 46. f6 d3 47. f7 Ra1# 0-1


[Site "https://www.chess.com"]

[Event "Titled Tuesday Blitz June 29 2021"]
[White "Matensien"]
[Black "Niktlt"]
[WhiteElo "2460"]
[BlackElo "2615"]
[Result "0-1"]
[Round "11"]
[TimeControl "180+1"]
[Date "2021.06.29"]
[WhiteClock "0:00:02"]
[BlackClock "0:02:03"]

1. d4 Nf6 2. c4 g6 3. Nf3 Bg7 4. g3 O-O 5. Bg2 d6 6. O-O Nc6 7. Nc3 Bf5 8. Ne1 Qd7 9. e4 Bh3 10. Nc2 Bxg2 11. Kxg2 e5 12. d5 Ne7 13. f3 Nh5 14. Be3 b6 15. b4 a5 16. a3 f5 17. c5 f4 18. Bf2 fxg3 19. hxg3 axb4 20. axb4 bxc5 21. bxc5 Rxa1 22. Qxa1 g5 23. Ne3 Ng6 24. Qa4 Ngf4+ 25. gxf4 Nxf4+ 26. Kg1 Qh3 27. Be1 Rf6 28. Qa2 Rh6 29. Ng4 Qh1+ 30. Kf2 Rh2+ 31. Nxh2 Qxh2+ 32. Ke3 Qh3 33. Qf2 h5 34. Rg1 Bf6 35. Qg3 Qc8 36. Qh2 Qa6 37. Qd2 Kf7 38. Bg3 Nh3 39. Rh1 g4 40. fxg4 Bg5+ 0-1


[Site "https://www.chess.com"]

[Event "Titled Tuesday Blitz June 29 2021"]
[White "Meri-Arabidze"]
[Black "Gabrielian_Artur"]
[WhiteElo "2661"]
[BlackElo "2802"]
[Result "0-1"]
[Round "11"]
[TimeControl "180+1"]
[Date "2021.06.29"]
[WhiteClock "0:00:01"]
[BlackClock "0:00:13"]

1. d4 Nf6 2. Nf3 e6 3. c4 c5 4. d5 exd5 5. cxd5 d6 6. Nc3 g6 7. e4 Bg7 8. h3 O-O 9. Nd2 Re8 10. Bb5 Nbd7 11. O-O a6 12. Bxd7 Bxd7 13. Re1 b5 14. a4 b4 15. Ncb1 Rc8 16. Nc4 Nxe4 17. Bf4 Bd4 18. Be3 Qf6 19. Qf3 Qxf3 20. gxf3 Ng5 21. Nbd2 Nxh3+ 22. Kg2 Be5 23. Ne4 Rcd8 24. Nexd6 Re7 25. Nb7 Rb8 26. Nxc5 Bf5 27. Nxe5 Rxe5 28. Nxa6 Rc8 29. d6 Rc6 30. d7 Rd5 31. Nb8 Rcd6 32. a5 g5 33. a6 Nf4+ 34. Bxf4 gxf4 35. a7 Rg6+ 36. Kf1 Bd3+ 37. Re2 Re6 38. a8=Q Bxe2+ 39. Ke1 Ba6# 0-1


[Site "https://www.chess.com"]

[Event "Titled Tuesday Blitz June 29 2021"]
[White "Mimsychess"]
[Black "Sychev_Klementy"]
[WhiteElo "2380"]
[BlackElo "2807"]
[Result "0-1"]
[Round "11"]
[TimeControl "180+1"]
[Date "2021.06.29"]
[WhiteClock "0:00:25"]
[BlackClock "0:01:17"]

1. e4 b6 2. d4 Bb7 3. Bd3 e6 4. Nf3 c5 5. Nc3 cxd4 6. Nxd4 Nc6 7. Nxc6 Bxc6 8. O-O Qb8 9. Qe2 Nf6 10. Bg5 h5 11. f4 Ng4 12. Kh1 Bc5 13. Bb5 Bxb5 14. Qxb5 Ne3 15. b4 Bd4 16. Qd3 Nxf1 17. Qxd4 f6 18. Bh4 Qxf4 19. Bg3 Nxg3+ 20. hxg3 Qxg3 21. Rd1 Rd8 22. Nb5 h4 23. Nd6+ Kf8 24. Rf1 h3 25. Rxf6+ Kg8 0-1


[Site "https://www.chess.com"]

[Event "Titled Tuesday Blitz June 29 2021"]
[White "Mr_Sinigami"]
[Black "HomelessSteven"]
[WhiteElo "2613"]
[BlackElo "2699"]
[Result "1-0"]
[Round "11"]
[TimeControl "180+1"]
[Date "2021.06.29"]
[WhiteClock "0:00:17"]
[BlackClock "0:00:19"]

1. d4 Nf6 2. Nf3 g6 3. Bf4 d6 4. e3 Bg7 5. h3 O-O 6. Be2 Nc6 7. O-O Nd5 8. Bh2 e5 9. c4 Nde7 10. d5 Nb8 11. Nc3 f5 12. c5 Nd7 13. cxd6 cxd6 14. Rc1 a5 15. Nb5 Qb6 16. Nc7 Rb8 17. Ne6 Re8 18. Nc7 Rf8 19. Ne6 Re8 20. Qa4 Nxd5 21. Nxg7 Kxg7 22. Rxc8 Rbxc8 23. Qxd7+ Kh6 24. g4 fxg4 25. hxg4 g5 26. Qf7 Qc6 27. Nxg5 Re7 28. Qh5+ Kg7 29. Qxh7+ Kf6 30. Qh6# 1-0


[Site "https://www.chess.com"]

[Event "Titled Tuesday Blitz June 29 2021"]
[White "N4700000"]
[Black "Fh2411"]
[WhiteElo "2387"]
[BlackElo "2526"]
[Result "1-0"]
[Round "11"]
[TimeControl "180+1"]
[Date "2021.06.29"]
[WhiteClock "0:00:18"]
[BlackClock "0:00:01"]

1. e4 c6 2. Nf3 d5 3. d3 Bg4 4. h3 Bh5 5. Nbd2 e6 6. g4 Bg6 7. Bg2 Nd7 8. Qe2 h5 9. g5 h4 10. Nb3 Bd6 11. Bd2 Ne7 12. Bc3 Rh7 13. O-O-O Bf4+ 14. Kb1 Qc7 15. exd5 Nxd5 16. Ba5 b6 17. Bd2 Bxd2 18. Qxd2 Nf4 19. Bf1 Bh5 20. Qe3 Kf8 21. Re1 Re8 22. Nxh4 Nd5 23. Qd2 Qf4 24. Qxf4 Nxf4 25. Nd2 Bd1 26. Ng2 Nxg2 27. Bxg2 Bh5 28. Bxc6 Re7 29. h4 Bg6 30. Be4 Bxe4 31. Nxe4 Rh5 32. Ng3 Rh8 33. h5 Nc5 34. f4 Rd7 35. f5 Rd5 36. Ref1 Ke7 37. b4 Na4 38. f6+ gxf6 39. gxf6+ Kd7 40. h6 Rd4 41. a3 b5 42. Ne4 Kc6 43. Rh5 a6 44. h7 Nb6 45. Rg1 Rdd8 46. Rg7 Nd5 47. Rxf7 1-0


[Site "https://www.chess.com"]

[Event "Titled Tuesday Blitz June 29 2021"]
[White "NMZanette"]
[Black "fabianvivasz"]
[WhiteElo "2311"]
[BlackElo "2392"]
[Result "0-1"]
[Round "11"]
[TimeControl "180+1"]
[Date "2021.06.29"]
[WhiteClock "0:00:06"]
[BlackClock "0:00:04"]

1. e4 e5 2. Nf3 Nc6 3. Bb5 f5 4. Nc3 fxe4 5. Nxe4 Nf6 6. Qe2 d5 7. Nxf6+ gxf6 8. d4 Bg7 9. dxe5 O-O 10. Bxc6 bxc6 11. e6 Re8 12. Be3 Bxe6 13. O-O-O Qd6 14. Qa6 c5 15. Qxd6 cxd6 16. Bf4 Bf8 17. h3 d4 18. b3 a5 19. a4 Bd5 20. Rhe1 Bxf3 21. gxf3 Kf7 22. Kd2 Kg6 23. Rxe8 Rxe8 24. Re1 Rxe1 25. Kxe1 Be7 26. Bd2 Bd8 27. Bf4 Be7 28. Ke2 Kf5 29. Bd2 Bd8 30. Kd3 d5 31. c3 dxc3 32. Kxc3 Bc7 33. Kd3 Kg6 34. Be3 Bd6 35. Bd2 Bc7 36. Ke2 Kh5 37. Kf1 Kh4 38. Kg2 c4 39. bxc4 dxc4 40. Bc3 Be5 41. Bxa5 c3 42. f4 c2 43. Bd2 Bb2 44. a5 Bc3 45. Bc1 Bxa5 46. Kf3 Kxh3 47. f5 h5 48. Ke4 Kg2 49. Kd3 h4 50. Kxc2 Bc7 51. Bf4 Bxf4 0-1


[Site "https://www.chess.com"]

[Event "Titled Tuesday Blitz June 29 2021"]
[White "NikolaGry"]
[Black "Tsyhanchuk_Stanislav"]
[WhiteElo "2626"]
[BlackElo "2474"]
[Result "0-1"]
[Round "11"]
[TimeControl "180+1"]
[Date "2021.06.29"]
[WhiteClock "0:00:03"]
[BlackClock "0:00:31"]

1. b3 c5 2. c4 Nc6 3. Bb2 Nf6 4. e3 d5 5. cxd5 Nxd5 6. a3 e6 7. Nf3 Nf6 8. Be2 Be7 9. O-O O-O 10. d3 b6 11. Nbd2 Bb7 12. Rc1 Qd7 13. Qc2 Rac8 14. Rfd1 Rfd8 15. Qb1 a5 16. Qa1 a4 17. bxa4 Ra8 18. Ne4 Ne8 19. d4 Nxd4 20. exd4 Bxe4 21. dxc5 Qb7 22. Rxd8 Bxd8 23. Nd2 Bxg2 24. f3 Bh3 25. c6 Qe7 26. Ne4 Bc7 27. Rd1 Rxa4 28. Be5 Rxe4 29. Bxc7 Rxe2 30. Bg3 Qc5+ 31. Qd4 Qc2 32. Bf2 Rxf2 0-1


[Site "https://www.chess.com"]

[Event "Titled Tuesday Blitz June 29 2021"]
[White "Oleksandr_Bortnyk"]
[Black "viditchess"]
[WhiteElo "3038"]
[BlackElo "3089"]
[Result "1/2-1/2"]
[Round "11"]
[TimeControl "180+1"]
[Date "2021.06.29"]
[WhiteClock "0:00:05"]
[BlackClock "0:00:02"]

1. e4 c5 2. c3 d5 3. exd5 Qxd5 4. d4 Nf6 5. Nf3 e6 6. Be3 cxd4 7. cxd4 Bb4+ 8. Nc3 Qa5 9. Rc1 b6 10. Bd3 Ba6 11. O-O O-O 12. Ne5 Bxd3 13. Qxd3 Bxc3 14. bxc3 Nbd7 15. Nxd7 Nxd7 16. c4 Rac8 17. h3 Qxa2 18. Bf4 Rfd8 19. Bg5 Re8 20. Rfd1 Qa6 21. Qb3 h6 22. Bf4 Rc6 23. Qg3 Kh8 24. d5 exd5 25. cxd5 Rxc1 26. Rxc1 Nf6 27. d6 Qe2 28. Be3 Qd3 29. Rc7 Kg8 30. Rxa7 Ne4 31. Qf4 Qd1+ 32. Kh2 Qxd6 33. Qxd6 Nxd6 34. Bxb6 Nf5 35. Bc5 Rc8 36. Ra5 Nh4 37. Be3 Ng6 38. g3 Re8 39. h4 Ne5 40. Kg2 Ng4 41. Bb6 Nf6 42. Bd4 Nh7 43. Ra7 Nf8 44. Be3 Ne6 45. Ra4 Rc8 46. Rg4 h5 47. Re4 g6 48. Rb4 Kg7 49. Rb2 Kf6 50. Ra2 Rc4 51. Ra6 Kg7 52. Ra7 Re4 53. Ra6 Rc4 54. Rd6 Ra4 55. Rd7 Rc4 56. Rd5 Ra4 57. Rd2 Rc4 58. Rb2 Kf6 59. Rb8 Kg7 60. Ra8 Kf6 61. Rg8 Ke7 62. Ra8 Kf6 63. Ra7 Kg7 64. Rb7 Kf6 65. Rb3 Kg7 66. Rb2 Kf6 67. Re2 Kg7 68. Bd2 Kf6 69. Re3 Ke7 70. Bc3 Kd6 71. Bf6 Kd7 72. Rd3+ Kc6 73. Rf3 Kd7 74. Rd3+ Kc6 75. Be7 Re4 76. Bf6 Rc4 1/2-1/2


[Site "https://www.chess.com"]

[Event "Titled Tuesday Blitz June 29 2021"]
[White "OrtizAnahi2001"]
[Black "Buffy7"]
[WhiteElo "2419"]
[BlackElo "2678"]
[Result "0-1"]
[Round "11"]
[TimeControl "180+1"]
[Date "2021.06.29"]
[WhiteClock "0:00:13"]
[BlackClock "0:00:43"]

1. d4 e6 2. c4 g5 3. b3 Bg7 4. Bb2 Ne7 5. e3 h5 6. Bd3 b6 7. Nf3 g4 8. Nh4 Bb7 9. Rg1 Bf6 10. g3 Bxh4 11. gxh4 d5 12. Qc2 f5 13. Nd2 Nd7 14. O-O-O Nf6 15. f3 Qd7 16. h3 O-O-O 17. Kb1 Rhg8 18. hxg4 hxg4 19. fxg4 Nxg4 20. Rg3 Rh8 21. Rdg1 Rxh4 22. Nf3 dxc4 23. bxc4 Bxf3 24. Rxf3 Rh2 25. Qb3 Nc6 26. c5 Na5 27. Qb4 Qd5 28. Rfg3 Nf2 29. Ba6+ Kb8 30. cxb6 axb6 31. Rc1 Rh7 32. Rc5 Qe4+ 33. Ka1 Rh1+ 34. Bc1 Nd3 35. Bxd3 Qxd3 36. Rg7 Qxe3 37. Rcxc7 Rxc1+ 38. Kb2 Rxc7 39. Qxb6+ Rb7 40. Rxb7+ Nxb7 0-1


[Site "https://www.chess.com"]

[Event "Titled Tuesday Blitz June 29 2021"]
[White "PLAYER_2006_M"]
[Black "QuintilianoR"]
[WhiteElo "2572"]
[BlackElo "2656"]
[Result "1-0"]
[Round "11"]
[TimeControl "180+1"]
[Date "2021.06.29"]
[WhiteClock "0:01:08"]
[BlackClock "0:00:02"]

1. e4 c5 2. Nf3 d6 3. Bb5+ Nd7 4. O-O a6 5. Bd3 Ngf6 6. Re1 e6 7. c3 b5 8. Bc2 Bb7 9. d4 Be7 10. Nbd2 Qc7 11. Nf1 cxd4 12. cxd4 Rc8 13. Bd3 O-O 14. Ng3 Rfd8 15. Bg5 Nf8 16. Rc1 Qb6 17. Qd2 Ng6 18. h3 h6 19. Be3 d5 20. e5 Ne4 21. Bxe4 dxe4 22. d5 Bc5 23. Rxc5 Rxc5 24. Nxe4 Rcxd5 25. Bxb6 Rxd2 26. Nexd2 Rc8 27. Bd4 Nf4 28. Ne4 Rc2 29. Kf1 Bd5 30. Bc3 b4 31. Nd4 Bxe4 32. Rxe4 Rc1+ 33. Re1 Rxe1+ 34. Bxe1 Nd3 35. b3 a5 36. Nc6 Nc1 37. Nxa5 Nxa2 38. Nc6 Nc1 39. Nd4 Nd3 40. Ke2 Nxe5 41. Bxb4 f5 42. Bd6 Nc6 43. Nxc6 1-0


[Site "https://www.chess.com"]

[Event "Titled Tuesday Blitz June 29 2021"]
[White "PlotnikovPavel"]
[Black "BJthechessgod"]
[WhiteElo "2451"]
[BlackElo "2268"]
[Result "1-0"]
[Round "11"]
[TimeControl "180+1"]
[Date "2021.06.29"]
[WhiteClock "0:00:55"]
[BlackClock "0:00:02"]

1. e4 c5 2. Nf3 e6 3. d4 cxd4 4. Nxd4 Nc6 5. Nc3 Qc7 6. Be3 a6 7. Qf3 Nf6 8. Bd3 Ne5 9. Qe2 Nxd3+ 10. Qxd3 Bb4 11. O-O Bxc3 12. bxc3 d5 13. exd5 Nxd5 14. c4 Nxe3 15. fxe3 O-O 16. Rad1 e5 17. Nf3 Be6 18. Nd2 Rfd8 19. Qe2 Rac8 20. e4 f6 21. Kh1 Bxc4 22. Nxc4 Rxd1 23. Rxd1 Qxc4 24. Qg4 Qxc2 25. Qe6+ Kh8 26. Qd7 h6 27. h3 Qc6 28. Qg4 Rg8 29. Qg6 Qe8 30. Qf5 Qc8 31. Qg6 b5 32. Rf1 Qc4 33. Rf3 Qc1+ 34. Kh2 Qc7 35. Ra3 a5 36. Qg3 b4 37. Rf3 a4 38. Qe1 Qc4 39. Qb1 Rd8 40. Rg3 Rd4 41. Rg4 Qc3 42. Qf1 Qe3 43. Qf5 1-0


[Site "https://www.chess.com"]

[Event "Titled Tuesday Blitz June 29 2021"]
[White "PowerThinking2650"]
[Black "ChessQueen"]
[WhiteElo "2418"]
[BlackElo "2633"]
[Result "0-1"]
[Round "11"]
[TimeControl "180+1"]
[Date "2021.06.29"]
[WhiteClock "0:00:08"]
[BlackClock "0:02:02"]

1. e4 c5 2. Nf3 Nc6 3. d4 cxd4 4. Nxd4 Nf6 5. Nc3 d6 6. Bc4 e6 7. Be3 a6 8. Qe2 Qc7 9. O-O-O Na5 10. Bb3 b5 11. Kb1 Be7 12. g4 b4 13. Na4 Nxb3 14. cxb3 Nxe4 15. Rc1 Nc5 16. a3 Qb7 17. Nxc5 dxc5 18. Nf5 exf5 19. Bxc5 Qe4+ 20. Rc2 Bxc5 21. Qxe4+ fxe4 22. Rxc5 Bxg4 0-1


[Site "https://www.chess.com"]

[Event "Titled Tuesday Blitz June 29 2021"]
[White "Reality-Stone"]
[Black "Iskusnyh"]
[WhiteElo "2511"]
[BlackElo "2646"]
[Result "1/2-1/2"]
[Round "11"]
[TimeControl "180+1"]
[Date "2021.06.29"]
[WhiteClock "0:00:26"]
[BlackClock "0:00:15"]

1. d4 d5 2. c4 e6 3. Nf3 dxc4 4. e3 Nf6 5. Bxc4 a6 6. O-O b5 7. Bd3 Bb7 8. Qe2 c5 9. dxc5 Bxc5 10. Bxb5+ Nbd7 11. Bd3 O-O 12. e4 Qc7 13. Nc3 Ng4 14. h3 Nge5 15. Bf4 Nxf3+ 16. Qxf3 Qa5 17. a3 Bd4 18. b4 Qd8 19. Rac1 Ne5 20. Bxe5 Bxe5 21. Rfd1 Qg5 22. Na4 f5 23. Nc5 fxe4 24. Nxe4 Qxc1 25. Qxf8+ Rxf8 26. Rxc1 Bd4 27. Rc2 Bxe4 28. Bxe4 Rd8 29. Kf1 Rd6 30. Ke2 Kf7 31. a4 Kf6 32. a5 h6 33. f3 Ke5 34. g3 Kf6 35. Rc6 Rxc6 36. Bxc6 Bc3 37. b5 axb5 38. a6 Bd4 39. Kd3 Bf2 40. Bxb5 Ke7 41. Ke4 Kd6 42. g4 g5 43. Bc4 Bg1 44. Be2 Bf2 45. Kd3 Bg1 46. Kc4 Bf2 47. Bd3 Bg1 48. Bg6 Ba7 49. Bf7 Bb8 50. Kd4 Ba7+ 51. Ke4 Bb6 52. f4 gxf4 53. Kxf4 Ke7 54. Bg8 Kf6 55. h4 Ba7 56. Bh7 e5+ 57. Ke4 Bb6 58. Bf5 Bd4 59. Kd5 h5 60. Ke4 hxg4 61. Bxg4 Kg7 62. Bf3 Ba7 63. Kxe5 Kh8 64. Kd6 Bb6 65. Kc6 Ba7 66. Kb7 Bd4 67. Be2 Be3 68. Bd3 Bd4 69. h5 Bc5 70. h6 Bd4 71. Be4 Bc5 72. a7 Bxa7 73. Kxa7 Kg8 74. Kb7 Kh8 75. Kc7 Kg8 76. Kd7 Kh8 77. Ke6 Kg8 78. Kf6 Kh8 79. Kg6 Kg8 80. Bd5+ Kh8 81. Bc6 Kg8 82. Bd7 Kh8 83. Bf5 Kg8 84. Kg5 Kh8 85. Bh7 Kxh7 86. Kh5 Kh8 87. Kg6 Kg8 88. h7+ Kh8 89. Kh6 1/2-1/2


[Site "https://www.chess.com"]

[Event "Titled Tuesday Blitz June 29 2021"]
[White "Riazantsev"]
[Black "NateSolon"]
[WhiteElo "2751"]
[BlackElo "2620"]
[Result "0-1"]
[Round "11"]
[TimeControl "180+1"]
[Date "2021.06.29"]
[WhiteClock "0:02:25"]
[BlackClock "0:02:13"]

1. d4 Nf6 2. Nf3 g6 3. Nc3 d5 4. Bf4 Bg7 5. Nb5 Na6 6. e3 O-O 7. h4 c6 8. Nc3 c5 9. Be2 Qb6 10. Rb1 Bf5 11. Ne5 Nb4 12. g4 Bxc2 13. Qd2 Bxb1 14. Nxb1 cxd4 15. exd4 Ne4 16. Qd1 Qxd4 17. Qxd4 Nc2+ 18. Kf1 Nxd4 19. Bd3 Nc5 20. Nc3 f6 0-1


[Site "https://www.chess.com"]

[Event "Titled Tuesday Blitz June 29 2021"]
[White "Rodchenkov_Vitalij"]
[Black "LEGENYA1998"]
[WhiteElo "2171"]
[BlackElo "2431"]
[Result "0-1"]
[Round "11"]
[TimeControl "180+1"]
[Date "2021.06.29"]
[WhiteClock "0:00:09"]
[BlackClock "0:00:18"]

1. Nf3 Nf6 2. c4 e6 3. b3 Be7 4. Bb2 O-O 5. e3 c5 6. d4 d5 7. Bd3 Nc6 8. O-O cxd4 9. exd4 b6 10. Nc3 Bb7 11. Rc1 Rc8 12. Qe2 Re8 13. Rfd1 Bd6 14. h3 Bf4 15. Ra1 Bb8 16. Re1 Nb4 17. Bb1 dxc4 18. bxc4 Bxf3 19. Qxf3 Qxd4 20. a3 Nc6 21. Ba2 Qf4 22. Qxf4 Bxf4 23. g3 Bd2 24. Red1 Red8 25. Rab1 Na5 26. Nb5 a6 27. Nd4 Bh6 28. Nf3 Ne4 29. Bd4 Nxc4 30. Bxc4 Rxc4 31. Bxb6 Rxd1+ 32. Rxd1 Rc1 33. Rxc1 Bxc1 34. a4 f6 35. Kf1 Nd2+ 36. Nxd2 Bxd2 37. Ke2 Bb4 38. g4 Kf7 39. Kd3 Ke7 40. Kc4 Bd2 41. f3 Kd6 42. Bd4 e5 43. Bc5+ Ke6 44. Bf2 g6 45. Bg3 f5 46. Bf2 h5 47. gxh5 gxh5 48. Bg3 Be3 49. Bh2 Bf2 50. Kd3 Kd5 51. Ke2 Bd4 52. Kd3 e4+ 53. fxe4+ fxe4+ 54. Ke2 Kc4 55. Bc7 Kb4 56. a5 Kb5 57. Kd2 Bc5 58. Ke2 Kc4 59. Bd8 Kd5 60. Bc7 Bd6 61. Bb6 Ke5 62. Ke3 Kf5 63. Bd8 Bf4+ 64. Ke2 Bg3 65. Ke3 Bh2 66. Ke2 Bg1 67. Kf1 Bc5 68. Ke2 Kf4 69. Bf6 Kg3 70. h4 Kg4 71. Bd8 Bd6 72. Kd2 Bg3 73. Ke2 Bxh4 74. Bc7 Bg3 75. Ke3 Bxc7 0-1


[Site "https://www.chess.com"]

[Event "Titled Tuesday Blitz June 29 2021"]
[White "SaraBlackPanther"]
[Black "Murad_Ibrahimli"]
[WhiteElo "2705"]
[BlackElo "2826"]
[Result "0-1"]
[Round "11"]
[TimeControl "180+1"]
[Date "2021.06.29"]
[WhiteClock "0:00:01"]
[BlackClock "0:00:14"]

1. d4 d5 2. c4 c6 3. Nf3 Nf6 4. e3 e6 5. Bd3 Nbd7 6. O-O Bd6 7. Nbd2 O-O 8. e4 dxe4 9. Nxe4 Nxe4 10. Bxe4 Nf6 11. Bc2 c5 12. Bg5 h6 13. Bh4 b6 14. Qd3 Re8 15. Rad1 g5 16. Nxg5 hxg5 17. Bxg5 Bb7 18. dxc5 Bxh2+ 19. Kxh2 Ng4+ 20. Kg1 Qxg5 21. Qh7+ Kf8 22. Rd7 Qg7 23. Qxg7+ Kxg7 24. Rxb7 bxc5 25. Rd1 Ne5 26. b3 Reb8 27. Rxb8 Rxb8 28. f4 Ng4 29. Rd7 a5 30. Be4 Nf6 31. Ra7 Nxe4 32. Rxa5 Rd8 33. Rb5 Rd1+ 34. Kh2 f5 35. a4 Nf2 36. Rxc5 Ng4+ 37. Kg3 Rd3+ 38. Kh4 Kf6 39. b4 Ne3 40. g3 Rd1 41. g4 Nxg4 42. Kg3 Rd3+ 43. Kg2 Ra3 44. a5 e5 45. Rc6+ Kf7 46. fxe5 Nxe5 47. Rc5 Kf6 48. Rc8 f4 49. c5 Ra2+ 50. Kf1 Kf5 51. c6 Ke4 52. Re8 Rc2 0-1


[Site "https://www.chess.com"]

[Event "Titled Tuesday Blitz June 29 2021"]
[White "Shahaliyev"]
[Black "Alexsur1981"]
[WhiteElo "2733"]
[BlackElo "2874"]
[Result "0-1"]
[Round "11"]
[TimeControl "180+1"]
[Date "2021.06.29"]
[WhiteClock "0:00:03"]
[BlackClock "0:00:23"]

1. Nf3 d5 2. c4 e6 3. b3 Nf6 4. Bb2 c5 5. cxd5 exd5 6. e3 Nc6 7. Be2 Bd6 8. O-O O-O 9. d3 Bg4 10. Nbd2 Re8 11. Rc1 Rc8 12. a3 b6 13. d4 cxd4 14. Nxd4 Bxe2 15. Nxe2 Qe7 16. b4 Be5 17. Bxe5 Nxe5 18. Qb3 b5 19. Nd4 a6 20. Rfd1 Nc4 21. N2f3 Qd7 22. h3 h6 23. Ne1 Ne4 24. Nd3 Ncd2 25. Qa2 Rxc1 26. Rxc1 Nc4 27. Rd1 Nc3 28. Qb3 Nxd1 29. Qxd1 Qe7 30. Nc5 Qf6 31. Qg4 g6 32. Qd7 Rd8 33. Qc7 Qd6 34. Qa7 Qb6 35. Qe7 Qd6 36. Qa7 Re8 37. Nxa6 Qe5 38. Nc7 Re7 39. Qa8+ Kg7 40. Nxd5 Rd7 41. Nc3 Nxe3 42. Nce2 Nf5 43. Nxf5+ gxf5 44. Ng3 Rd1+ 45. Kh2 f4 46. Nh1 Qe1 47. g4 Qg1# 0-1


[Site "https://www.chess.com"]

[Event "Titled Tuesday Blitz June 29 2021"]
[White "ShapkinAnatoliy"]
[Black "BigAl"]
[WhiteElo "2707"]
[BlackElo "2614"]
[Result "1-0"]
[Round "11"]
[TimeControl "180+1"]
[Date "2021.06.29"]
[WhiteClock "0:00:12"]
[BlackClock "0:00:10"]

1. d4 Nf6 2. c4 g6 3. Nc3 Bg7 4. e4 O-O 5. Nf3 d6 6. Be2 Bg4 7. Be3 Nbd7 8. O-O e5 9. d5 a5 10. Nd2 Bxe2 11. Qxe2 Nh5 12. g3 b6 13. b3 Qe8 14. Nb5 Rc8 15. Rae1 f5 16. exf5 gxf5 17. f4 Qg6 18. Nf3 Bf6 19. Kh1 Kh8 20. fxe5 dxe5 21. Bc1 Rg8 22. Bb2 Qh6 23. Nh4 f4 24. Nf5 Qg5 25. g4 Qxg4 26. Qxg4 Rxg4 27. Nh6 Rg6 28. Nf7+ Kg7 29. Nxe5 Rh6 30. Kg2 Nxe5 31. Bxe5 Rg8 32. Kf3 Kf7 33. Nxc7 Ng7 34. Bxf4 Rh3+ 35. Bg3 Nf5 36. Kg2 Nxg3 37. Kxh3 Nxf1 38. Rxf1 Ke7 39. Ne6 Be5 40. Re1 Kd6 41. Re2 Rg1 42. Kh4 Rg8 43. Kh5 Rg6 44. Ng5 Bf4 45. h4 Kc5 46. Ne6+ Kb4 47. Nxf4 Rg1 48. d6 Rd1 49. Nd5+ Ka3 50. d7 1-0


[Site "https://www.chess.com"]

[Event "Titled Tuesday Blitz June 29 2021"]
[White "Shuvalov"]
[Black "TrahtarBelarus"]
[WhiteElo "2476"]
[BlackElo "2641"]
[Result "0-1"]
[Round "11"]
[TimeControl "180+1"]
[Date "2021.06.29"]
[WhiteClock "0:00:11"]
[BlackClock "0:00:12"]

1. Nf3 Nf6 2. c4 g6 3. Nc3 Bg7 4. e4 d6 5. d4 O-O 6. Be2 Nbd7 7. O-O e5 8. Be3 c6 9. Qc2 Qe7 10. Rfe1 a6 11. Rad1 Ng4 12. Bg5 f6 13. Bc1 Nh6 14. b3 Nf7 15. Ba3 b5 16. Bf1 Bb7 17. h3 Rfd8 18. dxe5 Ndxe5 19. Nxe5 fxe5 20. Be2 Bf8 21. Rd3 Ng5 22. Bg4 h5 23. h4 hxg4 24. hxg5 Qxg5 25. Rg3 Be7 26. Qe2 Bc8 27. Nd1 Be6 28. Ne3 bxc4 29. bxc4 Kg7 30. Nxg4 Qh4 31. Ne3 Rh8 32. Rh3 Bxh3 33. gxh3 Qxh3 34. f3 Qh1+ 35. Kf2 Rh2+ 36. Kg3 Bh4+ 37. Kg4 Qxe1 38. Qxe1 Bxe1 39. Bxd6 Rh4+ 40. Kg5 Rh5+ 41. Kg4 Rh4+ 42. Kg5 Kf7 43. Bxe5 Rh5+ 44. Kf4 Bg3+ 45. Kxg3 Rxe5 46. Ng4 Ra5 47. Kf4 Rxa2 48. Ne5+ Kg7 49. Nxc6 a5 50. Nd4 a4 51. Ne6+ Kf6 52. Ng5 a3 53. e5+ Kg7 54. c5 Rc2 55. Ne4 a2 56. e6 a1=Q 57. e7 Qc1+ 58. Ke5 Rxc5+ 59. Ke6 Rc6+ 60. Nd6 Rxd6+ 61. Kxd6 Kf7 62. f4 Re8 63. f5 gxf5 64. Kd7 Rxe7+ 65. Kd6 Qc7+ 66. Kd5 Re5+ 67. Kd4 Qc5+ 68. Kd3 Re3+ 69. Kd2 Qc3+ 70. Kd1 Re1# 0-1


[Site "https://www.chess.com"]

[Event "Titled Tuesday Blitz June 29 2021"]
[White "SilviusTiberius"]
[Black "PavelShkapenko"]
[WhiteElo "2521"]
[BlackElo "2678"]
[Result "1/2-1/2"]
[Round "11"]
[TimeControl "180+1"]
[Date "2021.06.29"]
[WhiteClock "0:00:19"]
[BlackClock "0:00:58"]

1. e4 e5 2. Nf3 Nc6 3. Bb5 Bc5 4. c3 f5 5. d4 fxe4 6. Bxc6 dxc6 7. Nxe5 Qd5 8. O-O Nf6 9. Bg5 O-O 10. Nd2 Bd6 11. Ndc4 Ng4 12. Nxd6 cxd6 13. c4 Qe6 14. Nxg4 Qxg4 15. Qxg4 Bxg4 16. Be7 Rfe8 17. Bxd6 Be2 18. Rfc1 Rad8 19. c5 Rd7 20. Rc3 Bd3 21. Re1 Kf7 22. Re3 Re6 23. f3 Bb1 24. Kf2 exf3 25. Rxf3+ Rf6 26. Rxf6+ gxf6 27. a3 Be4 28. Re3 Bd5 29. Kg3 Kg6 30. Kf4 b5 31. g4 a5 32. Re8 a4 33. h4 Kf7 34. Rh8 Kg7 35. Rc8 Rb7 36. Bf8+ Kf7 37. h5 b4 38. Bd6 bxa3 39. bxa3 Rb3 40. Rc7+ Kg8 41. Rc8+ Kf7 42. Rc7+ Kg8 43. Rc8+ Kf7 1/2-1/2


[Site "https://www.chess.com"]

[Event "Titled Tuesday Blitz June 29 2021"]
[White "Spriteball"]
[Black "Koalaskakistis"]
[WhiteElo "2395"]
[BlackElo "2567"]
[Result "1-0"]
[Round "11"]
[TimeControl "180+1"]
[Date "2021.06.29"]
[WhiteClock "0:01:33"]
[BlackClock "0:01:22"]

1. d4 f5 2. Nc3 Nf6 3. Bg5 d5 4. Nf3 e6 5. e3 a6 6. Be2 c5 7. O-O Nc6 8. Ne5 Be7 9. Re1 O-O 10. Bxf6 Bxf6 11. Nxc6 bxc6 12. dxc5 Qa5 13. a3 Qxc5 14. Na4 Qa5 15. c4 Rb8 16. b4 Qc7 17. Rc1 Qe5 18. Nc5 Qb2 19. Qa4 f4 20. Nd3 Qe5 21. Nxe5 1-0


[Site "https://www.chess.com"]

[Event "Titled Tuesday Blitz June 29 2021"]
[White "Supernotar"]
[Black "ErikRonka"]
[WhiteElo "2708"]
[BlackElo "2518"]
[Result "1-0"]
[Round "11"]
[TimeControl "180+1"]
[Date "2021.06.29"]
[WhiteClock "0:01:05"]
[BlackClock "0:00:05"]

1. d4 d5 2. c4 e6 3. Nf3 a6 4. e3 Nf6 5. Nbd2 dxc4 6. Bxc4 b5 7. Be2 c5 8. a4 b4 9. O-O Bb7 10. b3 Nbd7 11. Bb2 cxd4 12. Nxd4 Bc5 13. Bf3 Bxf3 14. Qxf3 O-O 15. Nc4 Rc8 16. Rfd1 Qc7 17. Rac1 Rfd8 18. h3 Ne5 19. Nxe5 Qxe5 20. Ba1 Qd5 21. Qe2 Ne4 22. Qxa6 e5 23. Nc6 Qxd1+ 24. Rxd1 Rxd1+ 25. Kh2 Rc7 26. Bxe5 Rcd7 27. Qa8+ Bf8 28. Nb8 Rd8 29. Qxe4 Rb1 30. Nc6 Rc8 31. Qd5 1-0


[Site "https://www.chess.com"]

[Event "Titled Tuesday Blitz June 29 2021"]
[White "Tayson_7"]
[Black "VladDobrov"]
[WhiteElo "2656"]
[BlackElo "2794"]
[Result "0-1"]
[Round "11"]
[TimeControl "180+1"]
[Date "2021.06.29"]
[WhiteClock "0:00:02"]
[BlackClock "0:00:13"]

1. e4 c5 2. Nc3 Nc6 3. Nge2 e6 4. g3 d5 5. exd5 exd5 6. d4 Bg4 7. Be3 Bf3 8. Rg1 c4 9. Qd2 Bb4 10. a3 Ba5 11. O-O-O Nge7 12. Re1 O-O 13. g4 b5 14. Rg3 Bxe2 15. Qxe2 b4 16. axb4 Bxb4 17. f4 Qa5 18. Kd2 Rab8 19. Qd1 Nxd4 20. Bxd4 Nc6 21. Bf2 d4 22. Bxc4 dxc3+ 23. bxc3 Bxc3+ 24. Rxc3 Rfd8+ 25. Bd3 Rxd3+ 26. cxd3 Rb2+ 27. Ke3 Qxc3 28. Kf3 h5 29. Re2 hxg4+ 30. Kxg4 Rb5 31. Kg3 Rd5 32. Re3 Nd4 33. Kg2 Qc6 34. Kf1 Rd8 35. Re4 Nf5 36. Qe2 g6 37. Bxa7 Ra8 38. Bf2 Ra1+ 39. Be1 Kg7 40. Qb2+ Qf6 41. Qxf6+ Kxf6 42. Kf2 Ra2+ 43. Re2 Ra3 44. Rd2 Ke6 45. Kf1 Kd5 46. Bf2 Ra4 47. Bg3 Kd4 48. Ke2 Kc3 49. Be1 Rxf4 50. Ra2+ Kb3 51. Ra7 Nd4+ 52. Ke3 Ne6 53. Rb7+ Kc2 54. Re7 Rf5 0-1


[Site "https://www.chess.com"]